 Dungeon Crawl Stone Soup version bcrawl-1.19.2-6-g6a88ae04c9 (webtiles) character file.

Game seed: 303938538075664564

114 Mrkan the Skirmisher (level 4, -1/41 HPs)
             Began as a Minotaur Fighter on Jan 11, 2020.
             Was an Initiate of Ashenzari.
             Slain by a worker ant zombie (4 damage)
             ... on level 3 of the Dungeon.
             The game lasted 00:02:26 (1443 turns).

Mrkan the Skirmisher (Minotaur Fighter)             Turns: 1443, Time: 00:02:26

Health: -1/41      AC:  7    Str: 20    XL:     4   Next: 67%
Magic:  3/3        EV:  7    Int:  5    God:    Ashenzari [......]
Gold:   187        SH:  9    Dex: 11    Spells: 3/3 levels left

rFire    . . .     SeeInvis .   a - +0 war axe
rCold    . . .     Gourm    .   c - +0 shield
rNeg     . . .     Faith    .   b - +0 scale mail
rPois    .         Spirit   .   (helmet restricted)
rElec    .         Reflect  .   (no cloak)
rCorr    .         Harm     .   (no gloves)
MR       .....                  (no boots)
Stlth    ..........             (no amulet)
HPRegen  0.13/turn              (no ring)
MPRegen  0.08/turn              (no ring)

@: no status effects
A: retaliatory headbutt, horns 2
a: Curse Item, Renounce Religion


You were on level 3 of the Dungeon.
You worshipped Ashenzari.
Ashenzari was noncommittal.
You were not hungry.

You visited 1 branch of the dungeon, and saw 3 of its levels.

You collected 187 gold pieces.

Inventory:

Hand Weapons
 a - a +0 war axe (weapon)
Armour
 b - a +0 scale mail (worn)
 c - a +0 shield (worn)
Jewellery
 l - a +3 ring of slaying
Scrolls
 e - 3 scrolls of identify
 g - a scroll of amnesia {unknown}
 h - a scroll of fog {unknown}
 j - a scroll of enchant weapon {unknown}
 k - a scroll of enchant armour {unknown}
Potions
 d - 2 potions of might
 i - a potion of invisibility
 m - a potion of agility {unknown}
Comestibles
 f - 5 rations {!d}
 n - 2 chunks of flesh


   Skills:
 + Level 4.4 Fighting
 * Level 4.2 Axes
 + Level 4.3 Armour
 + Level 4.3 Shields


You had 3 spell levels left.
You didn't know any spells.
Your spell library was empty.

Dungeon Overview and Level Annotations

Branches:
Dungeon (3/12)

Altars:
Ashenzari


Innate Abilities, Weirdness & Mutations

You reflexively headbutt those who attack you in melee.
You have a pair of horns on your head.


Message History

The gnoll hits you but does no damage. The gnoll hits you with a +3 halberd.
* * * LOW HITPOINT WARNING * * *
You hit the gnoll.
You kill the gnoll!
You slash the worker ant zombie!
The worker ant zombie is heavily damaged.
The worker ant zombie bites you but does no damage.
The worker ant zombie closely misses you.
You completely miss the worker ant zombie.
The worker ant zombie is heavily damaged.
You block the worker ant zombie's attack.
You hit the worker ant zombie.
The worker ant zombie is heavily damaged.
The worker ant zombie completely misses you.
The worker ant zombie barely misses you.
You barely miss the worker ant zombie.
Your headbutt misses the worker ant zombie.
The worker ant zombie is heavily damaged.
The worker ant zombie bites you.
You die...

...... ....### ##.
..g.. ... .Z. #.#
#S# #.# #.##
#.#######.%###.#
#.###...Z.........[#
#......@#####..#####
#####.#.# #.....
#.#.# #...### #.#.#
#...# #.#.. ....#
#.######.....
#.........#.##
#...........#
#####.......#


You could see a worker ant zombie.

Vanquished Creatures
  3 gnolls (D:3)
  2 adders (D:3)
  A worm (D:2)
  2 dart slugs
  4 leopard geckos
  4 orcs (D:3)
  6 bats (D:1)
  2 giant cockroaches (D:2)
  5 goblins
  4 hobgoblins
  8 jackals
  A quokka (D:2)
  A frilled lizard (D:1)
  2 kobolds
  4 rats
49 creatures vanquished.

Notes
Turn   | Place    | Note
-------+----------+-------------------------------------------
     0 | D:1      | Mrkan the Minotaur Fighter began the quest for the Orb.
     0 | D:1      | Reached XP level 1. HP: 19/19 MP: 0/0
   324 | D:1      | Reached XP level 2. HP: 19/27 MP: 1/1
   720 | D:1      | Reached XP level 3. HP: 26/33 MP: 2/2
  1123 | D:2      | Found a shattered altar of Ashenzari.
  1159 | D:2      | Became a worshipper of Ashenzari the Shackled
  1417 | D:3      | Reached XP level 4. HP: 40/40 MP: 3/3
  1438 | D:3      | HP: 2/41 [gnoll/+3 halberd (4)]
  1443 | D:3      | Slain by a worker ant zombie

Skill      XL: |  1  2  3  4 |
---------------+-------------+-----
Axes           | 3 4 |  4.2
Fighting       | 4 |  4.4
Shields        | 4 |  4.3
Armour         | 4 |  4.3

Action                   |  1- 3 |  4- 6 || total
-------------------------+-------+-------++-------
Melee: War axe           |    81 |    13 ||    94
       Headbutt          |    14 |     1 ||    15
  Use: Scroll            |     1 |       ||     1
  Eat: Chunk             |     2 |       ||     2
Armor: Scale mail        |    70 |     5 ||    75
Dodge: Dodged            |    40 |     5 ||    45
Block: Shield            |    57 |     8 ||    65
